 Dungeon Crawl Stone Soup version 0.22.0 (webtiles) character file.

464 nicolaieve the Basher (level 6, 0/52 HPs)
             Began as a Minotaur Berserker on Aug 11, 2018.
             Was a Priest of Trog.
             Slain by Blork the orc
             ... wielding a +3 dire flail of draining
              (7 damage)
             ... on level 4 of the Dungeon.
             The game lasted 00:14:27 (2212 turns).

nicolaieve the Basher (Minotaur Berserker)          Turns: 2212, Time: 00:14:28

Health: 0/52       AC: 12    Str: 22    XL:     6   Next: 80%
Magic:  5/5        EV:  8    Int:  4    God:    Trog [***...]
Gold:   157        SH:  0    Dex: 11    Spells: 5/5 levels left

rFire    . . .     SeeInvis .   x - +0 whip
rCold    . . .     Gourm    .   (no shield)
rNeg     . . .     Faith    .   h - +0 chain mail
rPois    .         Spirit   .   (helmet restricted)
rElec    .         Reflect  .   p - +0 cloak
rCorr    .         Harm     .   v - +0 pair of gloves
MR       ++...                  (no boots)
Stlth    ..........             (no amulet)
HPRegen  1.17/turn              s - +2 ring of protection
MPRegen  0.09/turn              (no ring)

@: berserk cooldown, regenerating, drained
A: retaliatory headbutt, horns 2
a: Berserk, Trog's Hand, Renounce Religion


You were on level 4 of the Dungeon.
You worshipped Trog.
Trog was most pleased with you.
You were not hungry.

You visited 1 branch of the dungeon, and saw 4 of its levels.

You collected 157 gold pieces.

Inventory:

Hand Weapons
 x - a +0 whip (weapon)
Armour
 h - a +0 chain mail (worn)
 p - a +0 cloak (worn)
 v - a +0 pair of gloves (worn)
Jewellery
 s - a +2 ring of protection (left hand)
Scrolls
 b - a scroll of fear {unknown}
 e - 2 scrolls of remove curse {unknown}
 f - a scroll of noise {unknown}
 g - 4 scrolls of enchant armour {unknown}
 i - 2 scrolls of identify {unknown}
 l - a scroll of fog {unknown}
 m - 2 scrolls of blinking {unknown}
 q - 2 scrolls of enchant weapon {unknown}
 t - a scroll of random uselessness {unknown}
 w - a scroll of teleportation {unknown}
Potions
 d - 2 potions of agility {unknown}
 j - 2 potions of brilliance {unknown}
 k - a potion of curing {unknown}
 n - a potion of degeneration {unknown}
 o - a potion of haste {unknown}
 r - 2 potions of flight {unknown}
Comestibles
 c - 13 rations
 u - 12 chunks of flesh


   Skills:
 - Level 3.8(3.2) Fighting
 + Level 9.2(8.5) Maces & Flails
 - Level 2.6(2.0) Armour
 - Level 2.2(1.7) Dodging


You had 5 spell levels left.
You didn't know any spells.
Your spell library was empty.

Dungeon Overview and Level Annotations

Branches:
Dungeon (4/15)
 Temple: D:4-7

Altars:
Fedhas
Kikubaaqudgha
Sif Muna
Wu Jian
The Shining One

Annotations:
D:3 exclusion: oklob plant
D:4 Blork the orc


Innate Abilities, Weirdness & Mutations

You reflexively headbutt those who attack you in melee.
You have a pair of horns on your head.


Message History

You miss the adder. Your headbutt misses the adder.
Blork the orc hits you with a dire flail of draining!
* * * LOW HITPOINT WARNING * * *
You feel drained.
* * * LOW HITPOINT WARNING * * *
The adder bites you but does no damage.
Unknown command.
Okay, then.
You whack Blork the orc! You headbutt Blork the orc!
Blork the orc is heavily wounded.
Blork the orc barely misses you.
You hit Blork the orc.
Blork the orc is severely wounded.
The adder closely misses you. Blork the orc barely misses you.
You furiously retaliate!
You headbutt Blork the orc! You hit Blork the orc.
Your headbutt misses Blork the orc.
Blork the orc is almost dead.
The adder bites you but does no damage.
Blork the orc hits you with a dire flail of draining!
You die...

. #...# . #..#
#...##### . #...
#........# #..#.
.#.......##
#..##.##.........
...#.#..........
#..(#....Z......
#..###.So#
#.).#...@#
#..#.#...#
#.##.##..#
#.#...#..#
#########.(###...#
......)...#...#.##
#########.##.##.#
#^.#.#..#
#..###..#


You could see Blork the orc, an adder and a quokka skeleton.

Vanquished Creatures
  A phantom (D:2)
  An ogre (D:4)
  A hound (D:4)
  An orc wizard (D:3)
  Terence (D:3)
  A worker ant (D:3)
  Natasha (twice) (D:4)
  4 gnolls (D:2)
  2 adders
  3 oozes
  A leopard gecko (D:2)
  8 orcs
  4 giant cockroaches
  7 hobgoblins
  5 jackals
  4 ball pythons
  8 bats
  3 frilled lizards
  7 goblins
  11 kobolds
  5 rats
80 creatures vanquished.

Vanquished Creatures (others)
  A jackal (D:3)
  A frilled lizard (D:2)
2 creatures vanquished.

Grand Total: 82 creatures vanquished

Notes
Turn   | Place    | Note
-------+----------+-------------------------------------------
     0 | D:1      | nicolaieve the Minotaur Berserker began the quest for the Orb.
     0 | D:1      | Reached XP level 1. HP: 19/19 MP: 0/0
    56 | D:1      | Reached skill level 4 in Maces & Flails
    56 | D:1      | Reached XP level 2. HP: 27/27 MP: 1/1
   364 | D:1      | Reached ** piety under Trog
   663 | D:2      | Reached XP level 3. HP: 33/33 MP: 2/2
   700 | D:2      | Reached skill level 5 in Maces & Flails
   792 | D:2      | Reached XP level 4. HP: 5/40 MP: 3/3
   797 | D:2      | Reached skill level 6 in Maces & Flails
   922 | D:2      | Noticed a phantom
   940 | D:2      | Killed a phantom
   940 | D:2      | Reached skill level 7 in Maces & Flails
   940 | D:2      | Reached XP level 5. HP: 21/46 MP: 4/4
   964 | D:2      | Found a glowing golden altar of the Shining One.
   964 | D:2      | Found an ornate altar of the Wu Jian Council.
   965 | D:2      | Found a deep blue altar of Sif Muna.
   965 | D:2      | Found an ancient bone altar of Kikubaaqudgha.
  1394 | D:3      | Noticed Terence
  1399 | D:3      | Killed Terence
  1572 | D:3      | Found a blossoming altar of Fedhas.
  1594 | D:3      | Noticed an oklob plant
  1740 | D:3      | Reached skill level 8 in Maces & Flails
  1740 | D:3      | Reached XP level 6. HP: 52/52 MP: 5/5
  2055 | D:4      | Noticed Natasha
  2062 | D:4      | Killed Natasha
  2062 | D:4      | Reached *** piety under Trog
  2170 | D:4      | Reached skill level 9 in Maces & Flails
  2196 | D:4      | Noticed Natasha
  2198 | D:4      | Noticed Blork the orc
  2207 | D:4      | Killed Natasha
  2212 | D:4      | Slain by Blork the orc

Skill      XL: |  1  2  3  4  5  6 |
---------------+-------------------+-----
Maces & Flails | 4 5 7 8 9 |  9.2
Fighting       | |  3.8
Armour         | |  2.6
Dodging        | |  2.2

Action                   |  1- 3 |  4- 6 || total
-------------------------+-------+-------++-------
Melee: Mace              |    66 |   102 ||   168
       Headbutt          |     8 |    22 ||    30
       Whip              |       |    20 ||    20
Invok: Berserk           |     1 |     4 ||     5
       Trog's Hand       |       |     1 ||     1
 Stab: Sleeping          |     1 |       ||     1
  Eat: Chunk             |       |     9 ||     9
Armor: Animal skin       |     1 |       ||     1
       Ring mail         |    23 |     7 ||    30
       Chain mail        |       |    68 ||    68
Dodge: Dodged            |    37 |    69 ||   106
